 Dungeon Crawl Stone Soup version 0.22.1-1-ga44c0e56f4 (webtiles) character file.

101 Nygeryga the Cudgeler (level 4, -4/41 HPs)
             Began as a Minotaur Berserker on Nov 10, 2018.
             Was a Believer of Trog.
             Slain by a hippogriff (6 damage)
             ... on level 3 of the Dungeon.
             The game lasted 00:03:48 (1905 turns).

Nygeryga the Cudgeler (Minotaur Berserker)          Turns: 1905, Time: 00:03:49

Health: -4/41      AC:  5    Str: 22    XL:     4   Next: 48%
Magic:  3/3        EV: 11    Int:  4    God:    Trog [**....]
Gold:   91         SH:  0    Dex: 10    Spells: 3/3 levels left

rFire    . . .     SeeInvis .   a - +0 mace
rCold    . . .     Gourm    .   (no shield)
rNeg     . . .     Faith    .   d - +0 ring mail
rPois    .         Spirit   .   (helmet restricted)
rElec    .         Reflect  .   (no cloak)
rCorr    +         Harm     .   (no gloves)
MR       .....                  (no boots)
Stlth    ..........             (no amulet)
HPRegen  0.13/turn              h - ring of resist corrosion
MPRegen  0.08/turn              (no ring)

@: no status effects
A: retaliatory headbutt, horns 2
a: Berserk, Trog's Hand, Renounce Religion


You were on level 3 of the Dungeon.
You worshipped Trog.
Trog was pleased with you.
You were very hungry.

You visited 1 branch of the dungeon, and saw 3 of its levels.

You collected 91 gold pieces.

Inventory:

Hand Weapons
 a - a +0 mace (weapon)
Armour
 b - a +0 animal skin
 d - a +0 ring mail (worn)
Jewellery
 h - a ring of resist corrosion (left hand)
Wands
 m - a wand of enslavement (7)
Scrolls
 e - a scroll of blinking
 g - a scroll of enchant weapon {unknown}
 l - a scroll of identify {unknown}
 n - a scroll of fog {unknown}
Potions
 f - a potion of mutation {unknown}
 i - a potion of resistance {unknown}
 j - 2 potions of brilliance {unknown}
 k - a potion of degeneration {unknown}
Comestibles
 c - 3 rations


   Skills:
 + Level 4.8 Fighting
 + Level 5.5 Maces & Flails
 - Level 2.4 Armour
 - Level 2.1 Dodging


You had 3 spell levels left.
You didn't know any spells.
Your spell library was empty.

Dungeon Overview and Level Annotations

Branches:
Dungeon (3/15)

Altars:


Innate Abilities, Weirdness & Mutations

You reflexively headbutt those who attack you in melee.
You have a pair of horns on your head.


Message History

You hit the hippogriff. You headbutt the hippogriff!
The hippogriff is moderately wounded.
The hippogriff bites you!
The hippogriff pecks you but does no damage.
The hippogriff claws you.
* * * LOW HITPOINT WARNING * * *
You hit the hippogriff. Your headbutt misses the hippogriff.
The hippogriff is moderately wounded.
The hippogriff bites you!
* * * LOW HITPOINT WARNING * * *
The hippogriff misses you. The hippogriff claws you.
* * * LOW HITPOINT WARNING * * *
You sock the hippogriff!
The hippogriff is severely wounded.
The hippogriff bites you.
* * * LOW HITPOINT WARNING * * *
The hippogriff pecks you.
* * * LOW HITPOINT WARNING * * *
The hippogriff claws you.
You die...

# #.# # #.# # #.# ###.#.#
.##.#.# ########
.##.#.######......#
.##.#......#.####.# #
.##.....##.#.####.#.#.#
...........#.#..@Hg...#
###.....####.#...........
....########:#.......####
..........##.#.......#
........#.##.#.......#
#######.#.##.#......[#
#.#.##.#.....?.#
#.#.##.######### #.#....#


You could see a hippogriff and a goblin.

Vanquished Creatures
  2 worker ant zombies (D:2)
  2 adders (D:2)
  An adder zombie (D:2)
  4 dart slugs
  A leopard gecko (D:1)
  2 bats
  2 giant cockroaches (D:1)
  4 goblins (D:1)
  7 hobgoblins
  5 jackals
  5 frilled lizards
  A jackal skeleton (D:2)
  7 kobolds
  A leopard gecko skeleton (D:2)
  5 rats
49 creatures vanquished.

Notes
Turn   | Place    | Note
-------+----------+-------------------------------------------
     0 | D:1      | Nygeryga the Minotaur Berserker began the quest for the
                  | Orb.
     0 | D:1      | Reached XP level 1. HP: 19/19 MP: 0/0
    52 | D:1      | Reached skill level 4 in Maces & Flails
    52 | D:1      | Reached XP level 2. HP: 15/27 MP: 1/1
   595 | D:1      | Reached XP level 3. HP: 34/34 MP: 2/2
   650 | D:1      | Reached ** piety under Trog
  1177 | D:2      | Reached skill level 5 in Maces & Flails
  1213 | D:2      | Reached XP level 4. HP: 39/41 MP: 3/3
  1894 | D:3      | Noticed a hippogriff
  1905 | D:3      | HP: 2/41 [hippogriff (1)]
  1905 | D:3      | Slain by a hippogriff

Skill      XL: |  1  2  3 |
---------------+----------+-----
Fighting       | 4 |  4.8
Maces & Flails | 4 5 |  5.5
Armour         | |  2.4
Dodging        | |  2.1

Action                   |  1- 3 |  4- 6 || total
-------------------------+-------+-------++-------
Melee: Mace              |    68 |    18 ||    86
       Headbutt          |    10 |     5 ||    15
  Use: Scroll            |     4 |       ||     4
  Eat: Chunk             |     1 |     1 ||     2
Armor: Animal skin       |    13 |       ||    13
       Ring mail         |       |     4 ||     4
Dodge: Dodged            |    57 |    15 ||    72
